 Dungeon Crawl Stone Soup version 0.31-a0-1612-g4aaf141004 (webtiles) character file.

Game seed: 5381425776635914653

4358 GordonOverkill the Covert (level 10, -11/72 (73) HPs)
             Began as a Spriggan Delver on Jan 9, 2024.
             Was a Follower of Vehumet.
             Mangled by Erica
             ... wielding a +0 scimitar of flaming
              (18 damage)
             ... on level 7 of the Dungeon.
             The game lasted 00:24:44 (9676 turns).

GordonOverkill the Covert (Spriggan Delver)         Turns: 9676, Time: 00:24:44

HP:   -11/72 (73)   AC:  4    Str:  8    XL:     10   Next: 12%
MP:   25/29         EV: 20    Int: 15    God:    Vehumet [*.....]
Gold: 1075          SH:  0    Dex: 18    Spells: 18/21 levels left

rFire   . . .        h - +6 dagger (flame)
rCold   . . .        (no shield)
rNeg    . . .        m - +2 robe
rPois   .            (helmet restricted)
rElec   .            (no cloak)
rCorr   .            (gloves unavailable)
SInv    +            (boots unavailable)
Will    +....        (no amulet) Stlth
                     t - ring of magical power
HPRegen 0.32/turn    B - +5 ring of evasion
MPRegen 0.21/turn

%: no passive effects
@: berserking, lethally poisoned (-11 -> -18), confusing by touch, constricted,
lightly drained, very quick
A: very small, no large weapons, unfitting armour, see invisible, speed 3
a: Renounce Religion


You were on level 7 of the Dungeon.
You worshipped Vehumet.
Vehumet was aware of your devotion.
You visited 2 branches of the dungeon, and saw 9 of its levels.

You collected 1579 gold pieces.
You spent 504 gold pieces at shops.

Inventory:

Hand Weapons
 h - a +6 dagger of flaming (weapon)
 o - a +4 short sword
Missiles
 p - 4 atropa-tipped darts (quivered)
 y - 12 poisoned darts
 F - 3 throwing nets
Armour
 m - a +2 robe (worn)
Jewellery
 t - a ring of magical power (left hand)
 B - a +5 ring of evasion (right hand)
Wands
 g - a wand of digging (5)
 k - a wand of iceblast (5)
 l - a wand of flame (29)
 z - a wand of mindburst (12)
 D - a wand of charming (21)
Scrolls
 a - a scroll of identify
 b - a scroll of summoning
 c - 4 scrolls of fog
 d - a scroll of revelation
 e - 5 scrolls of fear
 j - a scroll of blinking
 n - 3 scrolls of teleportation
 w - 2 scrolls of enchant armour
 A - a scroll of vulnerability
Potions
 f - 2 potions of haste
 r - 2 potions of curing
 s - 2 potions of cancellation {unknown}
 u - 2 potions of enlightenment
 v - a potion of invisibility {unknown}
 x - a potion of lignification
 C - a potion of attraction {unknown}


   Skills:
 - Level 3.5 Fighting
 - Level 5.0 Short Blades
 - Level 3.0 Dodging
 - Level 8.0 Stealth
 - Level 6.0 Spellcasting
 - Level 5.0 Conjurations
 - Level 5.0 Hexes
 + Level 7.4 Ice Magic
 - Level 5.0 Evocations


You had 18 spell levels left.
You knew the following spells:

 Your Spells              Type           Power      Damage    Failure   Level
a - Confusing Touch       Hex            19%        N/A       5%          3

Your spell library contained the following spells:

 Spells                   Type           Power      Damage    Failure   Level
 Static Discharge         Conj/Air       24%        3-4/arc   8%          2
 Slow                     Hex            76%        N/A       1%          1
 Searing Ray              Conj           38%        2d5       2%          2
 Kiss of Death            Conj/Necr      48%        2d9       5%          1
 Sting                    Conj/Alch      48%        1d6       5%          1
 Sigil of Binding         Hex            19%        N/A       5%          3
 Sandblast                Erth           8%         2d5       14%         1
 Stone Arrow              Conj/Erth      24%        3d8       16%         3
 Mercury Vapours          Alch/Air       8%         N/A       22%         2
 Passwall                 Erth           4%         N/A       41%         3
 Vampiric Draining        Necr           4%         2d6       41%         3
 Volatile Blastmotes      Fire/Tloc      8%         2d10      41%         3
 Brom's Barrelling Bould  Conj/Erth      12%        2d4       45%         4
 Fulminant Prism          Conj/Alch      6%         3d7       45%         4
 Iskenderun's Mystic Bla  Conj/Tloc      12%        2d5       45%         4
 Olgreb's Toxic Radiance  Alch           4%         N/A       82%         4
 Fireball                 Conj/Fire      6%         3d5       82%         5
 Summon Forest            Summ/Tloc      2%         N/A       99%         5
 Sculpt Simulacrum        Ice/Alch       7%         N/A       99%         6
 Ozocubu's Refrigeration  Ice            13%        4d10      99%         7
 Eringya's Noxious Bog    Alch           2%         4d6       100%        6
 Orb of Destruction       Conj           9%         9d6       100%        7
 Summon Hydra             Summ           2%         N/A       100%        7
 Polar Vortex             Ice            13%        12d1*     100%        9


Dungeon Overview and Level Annotations

Branches:
Dungeon (8/15)             Temple (1/1) D:5
   Lair: D:8-11

Altars:
Ashenzari
Cheibriados
Dithmenos
Elyvilon
Fedhas
Gozag
Hepliaklqana
Kikubaaqudgha
Makhleb
Nemelex Xobeh
Okawaru
Qazlal
Ru
Sif Muna
Trog
Uskayaw
Vehumet
Xom
Yredelemnul
Zin
The Shining One

Shops:
D:5 (::*(

Annotations:
D:6 Menkaure
D:7 Erica


Innate Abilities, Weirdness & Mutations

You are very small and have problems with some larger weapons.
You are too small for most types of armour.
You have supernaturally acute eyesight. (SInv)
You cover ground extremely quickly. (Speed+++)


Message History

Erica barely misses you. Erica closely misses you.
Casting: Confusing Touch (dangerous; 5% risk of failure)
Confirm with . or Enter, or press ? or * to list all spells.
Your hands begin to glow brighter.
You feel very sick.
Erica mumbles some strange words.
Erica flickers and vanishes for a moment.
It was a potion of curing.
You feel better. Erica completely misses you. Erica grabs you.
Erica constricts you.
A red film seems to cover your vision as you go berserk!
You feel yourself moving faster!
You feel mighty!
Erica screams, "You'll never get it!"
Erica stares at you and mumbles some strange words.
The bolt of poison hits you!!
You are poisoned.
* * * LOW HITPOINT WARNING * * *
Erica constricts you.
* * * LOW HITPOINT WARNING * * *
You miss Erica.
You feel sick.
You hit Erica but do no damage. Your punch misses Erica.
You feel very sick. Erica barely misses you. Erica constricts you.
* * * LOW HITPOINT WARNING * * *
You closely miss Erica.
You feel sick.
You hit Erica but do no damage.
You feel sick. Erica misses you. Erica constricts you.
* * * LOW HITPOINT WARNING * * *
You hit Erica but do no damage.
You feel sick.
You hit Erica but do no damage.
You feel sick. Erica barely misses you. Erica constricts you.
* * * LOW HITPOINT WARNING * * *
You barely miss Erica.
* * * LOW HITPOINT WARNING * * *
You feel sick.
You hit Erica but do no damage.
* * * LOW HITPOINT WARNING * * *
You feel sick.
Erica hits you with a +0 scimitar of flaming!!
You die...
Erica begins burbling mirthfully and uncontrollably.

#...#.##...##.#
###....#...##.#######
###....#...##.#.....#
...)#.##...##.......#
.####.#....####.....#
............))).....#
#######.##.####.....#
#.##..# #..x..#
#.##..###.@...#
####....#.....#
#....#.....#
#....#.....#
#....####### #....#
#=...# #....# ######


You could see Erica (invisible).

Vanquished Creatures
  Pikel (D:3)
  Grinder (D:3)
  Sigmund (D:6)
  Eustachio (D:5)
  A steam dragon (D:8)
  Edmund (D:3)
  2 water moccasins
  A black bear (D:8)
  2 sky beasts
  2 ogres
  A centaur (D:8)
  A phantom (D:5)
  2 bullfrogs
  4 scorpions
  13 wights
  13 killer bees
  2 howler monkeys (D:6)
  A bombardier beetle (D:7)
  3 gnoll boudas
  2 hounds
  An orc priest (D:5)
  2 sleepcaps
  Natasha (thrice) (D:4)
  3 orc wizards
  15 gnolls
  6 adders
  2 shadow imps
  A white imp (D:5)
  2 ribbon worms
  19 orcs
  7 endoplasms
  3 giant cockroaches
  11 goblins
  4 hobgoblins
  4 quokkas
  7 ball pythons
  8 bats
  A frilled lizard (D:2)
  4 kobolds
  6 rats
164 creatures vanquished.

Vanquished Creatures (others)
  An orc (D:8)
1 creature vanquished.

Grand Total: 165 creatures vanquished

Notes
Turn   | Place    | Note
-------+----------+-------------------------------------------
     0 | D:5      | GordonOverkill the Spriggan Delver began the quest for the
                  | Orb.
     0 | D:5      | Reached XP level 1. HP: 11/11 MP: 2/2
     2 | D:5      | Found a basalt altar of Yredelemnul.
     7 | D:5      | Noticed a phantom
    23 | D:7      | Noticed a scorpion
    27 | D:7      | Killed a scorpion
    28 | D:7      | Reached XP level 2. HP: 16/16 MP: 3/3
    28 | D:7      | Reached XP level 3. HP: 20/20 MP: 4/4
    66 | D:7      | Noticed a wight
    66 | D:7      | Noticed a wight
    67 | D:7      | Noticed a wight
    68 | D:7      | Noticed a wight
    73 | D:8      | Noticed a wight
    73 | D:8      | Noticed a killer bee
    73 | D:8      | Noticed a killer bee
    74 | D:8      | Noticed a killer bee
   100 | D:6      | Noticed a bullfrog
   107 | D:6      | Killed a bullfrog
   108 | D:6      | Reached skill level 5 in Short Blades
   108 | D:6      | Reached XP level 4. HP: 24/24 MP: 5/5
   163 | D:6      | Found an opulent altar of Gozag.
   234 | D:7      | Noticed a sky beast
   294 | D:6      | Noticed a scorpion
   299 | D:6      | Killed a scorpion
   300 | D:6      | Reached XP level 5. HP: 28/28 MP: 5/10
   380 | D:6      | Noticed an ogre
   530 | D:6      | Noticed Menkaure
   530 | D:6      | Noticed a water moccasin
   593 | D:6      | Noticed a sky beast
   600 | D:6      | Reached skill level 1 in Conjurations
   628 | D:5      | Found Jiuteror's Weapon Shop.
   656 | D:5      | Reached XP level 6. HP: 26/32 MP: 11/11
   692 | D:5      | Found Wuju's General Store.
   719 | D:5      | Noticed Eustachio
   724 | D:5      | Killed Eustachio
   733 | D:5      | Found Xius's Book Shop.
   781 | D:4      | Noticed Edmund
  1090 | D:3      | Found a burning altar of Makhleb.
  1090 | D:3      | Noticed a green death
  1254 | D:3      | Noticed Grinder
  1259 | D:3      | Killed Grinder
  1260 | D:3      | Reached skill level 8 in Stealth
  1260 | D:3      | Reached XP level 7. HP: 36/36 MP: 11/15
  1313 | D:3      | Found a snail-covered altar of Cheibriados.
  1638 | D:2      | Reached skill level 5 in Spellcasting
  2002 | D:2      | Learned a level 3 spell: Confusing Touch
  2743 | D:1      | Reached skill level 1 in Hexes
  3484 | D:3      | Killed Edmund
  3685 | D:4      | Noticed Pikel
  3765 | D:3      | Reached skill level 5 in Hexes
  3765 | D:3      | Reached XP level 8. HP: 24/40 MP: 16/16
  3865 | D:3      | Killed Pikel
  4176 | D:4      | Noticed Natasha
  4181 | D:4      | Killed Natasha
  4329 | D:4      | Noticed Natasha
  4336 | D:4      | Killed Natasha
  4347 | D:4      | Noticed Natasha
  4359 | D:4      | Killed Natasha
  4360 | D:4      | Reached skill level 5 in Conjurations
  4924 | D:4      | Found a shimmering altar of Xom.
  5057 | D:5      | Identified a scroll of acquirement
  5057 | D:5      | Acquired 1106 gold pieces
  5147 | D:5      | Reached skill level 5 in Evocations
  5215 | D:5      | Found a staircase to the Ecumenical Temple.
  5327 | Temple   | Entered the Ecumenical Temple
  5349 | Temple   | Became a worshipper of Vehumet
  5413 | D:5      | Found a shimmering blue altar of Sif Muna.
  5510 | D:5      | Reached XP level 9. HP: 30/44 MP: 19/19
  5657 | D:5      | Found Uqukyck's Antique Weapon Boutique.
  5988 | D:5      | Found Awnoec's Book Emporium.
  5999 | D:5      | Bought the Lectures on Assaults for 504 gold pieces
  6152 | D:6      | Noticed Sigmund
  6165 | D:6      | Killed Sigmund
  6166 | D:6      | Reached skill level 1 in Ice Magic
  7112 | D:7      | Reached skill level 5 in Ice Magic
  7220 | D:7      | Reached * piety under Vehumet
  7220 | D:7      | Offered knowledge of Foxfire by Vehumet.
  8798 | D:8      | Noticed Erica
  8873 | D:8      | Reached XP level 10. HP: 33/46 MP: 20/20
  9344 | D:8      | Found a bloodstained altar of Trog.
  9368 | D:8      | Noticed a +0 short sword
  9369 | D:8      | Noticed a +0 short sword
  9369 | D:8      | Noticed a +0 falchion
  9369 | D:8      | Noticed a +0 spear
  9370 | D:8      | Noticed a +0 dagger
  9370 | D:8      | Noticed a +0 falchion
  9370 | D:8      | Noticed a +0 dagger
  9370 | D:8      | Noticed a +0 spear
  9404 | D:8      | Offered knowledge of Static Discharge by Vehumet.
  9425 | D:8      | Found a hide-covered altar of Uskayaw.
  9676 | D:7      | Mangled by Erica

Illustrated notes

Levels and vault maps discovered:
D:1:      dpeg_arrival_morbid_curiosity, layout_rooms
D:2:      layout_loops_ring, minivault_24, grunt_decor_junction
D:3:      layout_basic, lemuel_crystal_altar, makhleb_altar_promises_db,
          uniq_grinder
D:4:      layout_loops_ring, general_overflow_altar, uniq_pikel, uniq_edmund,
          uniq_natasha
D:5:      layout_loops_ring, nicolae_overflow_hidden_temple, tgw_sif,
          minmay_temple_entry_mini_moons, serial_shops, kennysheep_little_box,
          shop, nicolae_shop_window_shopping, shop,
          nicolae_shop_bloodbath_and_beyond, uniq_eustachio
D:6:      layout_basic, nicolae_gozag_seed_capital, minivault_25,
          minmay_fractal_squares_diagonal_5, uniq_sigmund, uniq_menkaure
D:7:      layout_rooms
D:8:      layout_cave_pools, nicolae_uskayaw_en_pointe, lemuel_doored_altar,
          uniq_erica
Temple:   hellmonk_temple_forest_ring

Skill      XL: |  1  2  3  4  5  6  7  8  9 10 |
---------------+-------------------------------+-----
Fighting       | 3 |  3.5
Short Blades   | 3 5 |  5.0
Dodging        | 3 |  3.0
Spellcasting   | 2 3 4 5 6 |  6.0
Conjurations   | 1 3 5 |  5.0
Stealth        | 8 |  8.0
Hexes          | 5 |  5.0
Evocations     | 5 |  5.0
Ice Magic      | 6 7 |  7.4

Action                     |  1- 3 |  4- 6 |  7- 9 | 10-12 || total
---------------------------+-------+-------+-------+-------++-------
  Melee: Dagger            |     2 |    82 |   540 |    72 ||   696
         Punch             |       |       |     5 |     1 ||     6
  Throw: Dart              |       |       |    10 |     1 ||    11
   Cast: Confusing Touch   |       |       |    60 |    13 ||    73
  Evoke: Wand              |       |       |     3 |       ||     3
    Use: Scroll            |       |       |    16 |     1 ||    17
         Potion            |       |       |       |     3 ||     3
   Stab: Sleeping          |     2 |    10 |    25 |     1 ||    38
         Invisible         |       |       |     2 |       ||     2
         Confused          |       |       |    37 |     7 ||    44
 Armour: Robe              |     1 |    16 |   120 |    23 ||   160
  Dodge: Dodged            |       |    52 |   387 |    64 ||   503

Table legend: (Time is in decaauts)
 A = Elapsed time spent in this place.
 B = Non-inter-level travel time spent in this place.
 C = Inter-level travel time spent in this place.
 D = Time resting spent in this place.
 E = Time spent auto-exploring this place.
 F = Levels seen in this place.
 G = Mean time per level.
                   A        B        C        D        E       F      G
               +--------+--------+--------+--------+--------+-----+--------+
         Total |   7145 |   6815 |    330 |   2112 |   2853 |   9 |  793.9 |
       Dungeon |   7118 |   6813 |    305 |   2112 |   2853 |   8 |  889.8 |
        Temple |     27 |      2 |     25 |      0 |      0 |   1 |   27.0 |
               +--------+--------+--------+--------+--------+-----+--------+

Top non-repeatable levels by time:
     D:7: 1665 daAuts
     D:3: 1187 daAuts
     D:4: 980 daAuts
     D:8: 867 daAuts
     D:5: 756 daAuts
     D:6: 698 daAuts
     D:2: 519 daAuts
     D:1: 443 daAuts
  Temple: 27 daAuts
